 Dungeon Crawl Stone Soup version 0.24.0-37-gcf1ca852f1 (webtiles) character file.

Game seed: 17629156414221614497, levelgen mode: deterministic

9394 Emblim88 the Prestidigitator (level 11, -4/85 (86) HPs)
             Began as a Demonspawn Artificer on Nov 23, 2019.
             Was a Believer of Qazlal.
             Slain by a hornet (5 damage)
             ... on level 10 of the Dungeon.
             The game lasted 00:40:33 (14531 turns).

Emblim88 the Prestidigitator (DsAr)                Turns: 14531, Time: 00:40:34

HP:   -4/85 (86)    AC: 11    Str: 19    XL:     11   Next: 22%
MP:   17/17         EV: 15    Int: 13    God:    Qazlal [**....]
Gold: 557           SH:  3    Dex: 13    Spells: 5/10 levels left

rFire    + . .     SeeInvis .   r - +3 quarterstaff (chaos)
rCold    + . .     Gourm    .   (shield currently unavailable)
rNeg     . . .     Faith    .   u - +2 robe {rF+}
rPois    .         Spirit   .   (no helmet)
rElec    .         Reflect  .   s - +1 cloak
rCorr    +         Harm     .   (no gloves)
MR       .....                  E - +0 pair of boots
Stlth    ++........             z - amulet of magic regeneration
HPRegen  0.24/turn              L - +3 ring of strength
MPRegen  0.40/turn              (no ring)

@: lethally poisoned (-4 -> -23), about to teleport, slowed, drained, very slow
A: talons 1, yellow scales 3, cold resistance 1, nightstalker 1, freezing cloud
immunity
a: Upheaval, Renounce Religion


You were on level 10 of the Dungeon.
You worshipped Qazlal.
Qazlal was pleased with you.
You were not hungry.

You visited 2 branches of the dungeon, and saw 12 of its levels.
You also visited: Sewer.

You collected 701 gold pieces.
You spent 144 gold pieces at shops.

Inventory:

Hand Weapons
 n - a +0 dagger of draining
 p - a +2 flail of crushing
 q - a +4 dagger
 r - a +3 quarterstaff of chaos (weapon)
 y - a +0 shortbow of freezing
Missiles
 o - 28 poisoned darts (quivered)
 x - a throwing net
 B - 85 arrows
 F - 7 boomerangs
Armour
 h - a +0 scale mail
 s - a +1 cloak (worn)
 u - a +2 robe of fire resistance (worn)
 E - a +0 pair of boots (worn)
 O - a +0 plate armour
Magical Staves
 w - an uncursed staff of cold
Jewellery
 z - an amulet of magic regeneration (around neck)
 L - a +3 ring of strength (left hand)
Wands
 d - a wand of enslavement (15)
 e - a wand of random effects (11)
 t - a wand of disintegration (5)
 C - a wand of iceblast (23)
Scrolls
 a - a scroll of immolation
 c - a scroll of brand weapon {unknown}
 i - 2 scrolls of magic mapping
 j - 2 scrolls of amnesia {unknown}
 m - a scroll of fog
 A - 3 scrolls of enchant armour
 D - a scroll of identify
 H - 2 scrolls of enchant weapon
 N - a scroll of fear {unknown}
Potions
 g - 2 potions of brilliance
 k - a potion of flight
 l - a potion of degeneration
 I - 2 potions of haste
 K - a potion of cancellation {unknown}
Comestibles
 f - 9 rations


   Skills:
 + Level 7.8(6.6) Fighting
 - Level 2.1(1.1) Short Blades
 + Level 2.7(1.7) Staves
 + Level 6.6(5.4) Armour
 + Level 7.2(6.0) Dodging
 - Level 0.8(0.0) Stealth
 + Level 3.7(2.7) Conjurations
 + Level 3.7(2.6) Poison Magic
 * Level 7.2(6.0) Invocations
 + Level 8.4(7.1) Evocations


You had 5 spell levels left.
You knew the following spells:

 Your Spells              Type           Power        Failure   Level  Hunger
a - Blink                 Tloc           N/A          43%         2    ###....
b - Mephitic Cloud        Conj/Pois/Air  #.......     41%         3    ####...

Your spell library contained the following spells:

 Spells                   Type           Power        Failure   Level  Hunger
 Magic Dart               Conj           #...         11%         1    ##.....
 Corona                   Hex            #......      30%         1    ##.....
 Call Imp                 Summ           #.......     43%         2    ###....
 Slow                     Hex            #.......     43%         2    ###....
 Conjure Flame            Conj/Fire      #.......     47%         3    ####...
 Inner Flame              Hex/Fire       #.......     67%         3    ####...
 Portal Projectile        Hex/Tloc       #.....       67%         3    ####...
 Cause Fear               Hex            #.........   97%         4    #####..
 Leda's Liquefaction      Hex/Erth       #.........   97%         4    #####..


Dungeon Overview and Level Annotations

Branches:
Dungeon (11/15)            Temple (1/1) D:7             Orc (0/2) D:9
  Sewer (visited)
   Lair: D:8-11

Altars:
Ashenzari
Cheibriados
Dithmenos
Elyvilon
Fedhas
Gozag
Hepliaklqana
Kikubaaqudgha
Makhleb
Nemelex Xobeh
Okawaru
Qazlal
Ru
Sif Muna
Trog
Uskayaw
Vehumet
Wu Jian
Xom
Yredelemnul
Zin
The Shining One
Lugonu

Shops:
D:5 }%!


Innate Abilities, Weirdness & Mutations

You have sharp toenails.
You are completely covered in yellow scales. (AC +4, rCorr)
Your flesh is cold resistant. (rC+)
You are slightly more attuned to the shadows.
You are immune to freezing clouds.


Message History

You feel sick.
The howler monkey hits you but does no damage.
The hornet barely misses you. The purple ugly thing kicks you.
* * * LOW HITPOINT WARNING * * *
The howler monkey hoots and howls with incredible vigour! x2
The hornet stings you.
* * * LOW HITPOINT WARNING * * *
You are lethally poisoned!
You feel yourself slow down. The purple ugly thing kicks you.
* * * LOW HITPOINT WARNING * * *
As you read the scroll of teleportation, it crumbles to dust.
You feel strangely unstable.
* * * LOW HITPOINT WARNING * * *
You feel very sick.
The hornet stings you but does no damage.
The howler monkey hoots and howls with incredible vigour!
The purple ugly thing kicks you!
* * * LOW HITPOINT WARNING * * *
The hornet stings you.
You die...

#........#####..........#.
#........#...#..........#.
#........'...#..........#.
#........#...#..........#.
#####....#####...#....########
#........#..#....#....'...#
#........#..#h§§.#....#...#
#........#..#yh§.#....#...#
#........#..#@u§.#....#...#
#....#####..######....##'###
#....#..##..##....####.....#
#....#.......#....#..#.....#
#....#.......'....#..#.....#
#....#..######....#........#
####....####........÷...#######
........# #............#
........# #............#


You could see a purple ugly thing, a hornet and 2 howler monkeys.

Vanquished Creatures
  A two-headed ogre (D:9)
  An orc knight (D:7)
  An orc sorcerer (D:7)
  A hornet (D:9)
  A hippogriff (D:8)
  Sigmund (D:3)
  A wyvern (D:10)
  Grum (D:8)
  14 wargs (D:7)
  11 orc warriors
  A sky beast (D:6)
  An ice beast (D:10)
  A black bear (D:10)
  3 ogres
  5 centaurs
  2 phantoms
  2 necrophages (D:10)
  4 wolves (D:8)
  A crocodile (Sewer)
  5 bullfrogs
  3 scorpions
  10 killer bees
  3 howler monkeys
  4 crimson imps
  A quasit (D:5)
  4 hounds
  3 jellies
  A centaur zombie (D:7)
  8 orc priests
  Crazy Yiuf (D:2)
  A bullfrog skeleton (D:7)
  5 iguanas
  11 orc wizards
  8 worker ants
  2 hound zombies
  2 worker ant zombies
  14 adders
  3 shadow imps
  3 oozes
  An adder skeleton (D:4)
  4 worms
  6 dart slugs
  9 leopard geckos
  63 orcs
  15 bats
  4 giant cockroaches
  4 goblins
  7 hobgoblins
  7 jackals
  3 quokkas
  3 ball pythons
  7 frilled lizards
  6 kobolds
  A leopard gecko zombie (D:7)
  A quokka zombie (D:7)
  5 rats
291 creatures vanquished.

Vanquished Creatures (collateral kills)
  A worm (D:5)
1 creature vanquished.

Vanquished Creatures (others)
  2 plants
2 creatures vanquished.

Grand Total: 294 creatures vanquished

Notes
Turn   | Place    | Note
-------+----------+-------------------------------------------
     0 | D:1      | Emblim88 the Demonspawn Artificer began the quest for the
                  | Orb.
     0 | D:1      | Reached XP level 1. HP: 15/15 MP: 3/3
    26 | D:1      | Reached skill level 1 in Short Blades
   267 | D:1      | Gained mutation: You are partially covered in yellow
                  | scales. (AC +2) [demonic ancestry]
   267 | D:1      | Reached XP level 2. HP: 21/21 MP: 4/4
   789 | D:2      | Found a shadowy altar of Dithmenos.
   858 | D:2      | Gained mutation: Your flesh is cold resistant. (rC+)
                  | [demonic ancestry]
   858 | D:2      | Reached XP level 3. HP: 16/27 MP: 5/5
  1472 | D:2      | Reached XP level 4. HP: 33/33 MP: 6/6
  1666 | D:2      | Found a basalt altar of Yredelemnul.
  1864 | D:2      | Found a runed translucent door.
  1865 | D:2      | Noticed Crazy Yiuf
  1914 | D:2      | Killed Crazy Yiuf
  2042 | D:3      | Gained mutation: You are mostly covered in yellow scales.
                  | (AC +3) [demonic ancestry]
  2042 | D:3      | Reached XP level 5. HP: 34/39 MP: 7/7
  2127 | D:3      | Noticed Sigmund
  2142 | D:3      | Killed Sigmund
  2142 | D:3      | Reached skill level 1 in Armour
  2142 | D:3      | Reached skill level 4 in Evocations
  2142 | D:3      | Reached XP level 6. HP: 47/47 MP: 7/9
  2980 | D:4      | Found a glowing drain.
  3007 | Sewer    | Entered a sewer
  3237 | D:4      | Reached XP level 7. HP: 47/53 MP: 10/10
  3569 | D:4      | Found a blossoming altar of Fedhas.
  3569 | D:4      | Found an ancient bone altar of Kikubaaqudgha.
  3806 | D:5      | Entered Level 5 of the Dungeon
  3806 | D:5      | Found a glowing silver altar of Zin.
  3806 | D:5      | Noticed an angel
  3807 | D:5      | Found a shimmering altar of Xom.
  3916 | D:5      | Found Hoxaf's Food Emporium.
  3928 | D:5      | Reached skill level 5 in Evocations
  3969 | D:5      | Found Fuwnax's Distillery.
  4172 | D:5      | Found an opulent altar of Gozag.
  4384 | D:5      | Found Racist's Gadget Emporium.
  4406 | D:5      | Bought a wand of iceblast (8) for 144 gold pieces
  4479 | D:5      | Gained mutation: You are completely covered in yellow
                  | scales. (AC +4, rCorr) [demonic ancestry]
  4479 | D:5      | Reached XP level 8. HP: 54/61 MP: 12/12
  4874 | D:5      | Reached skill level 5 in Fighting
  5371 | D:6      | Reached skill level 5 in Dodging
  5371 | D:6      | Reached skill level 6 in Evocations
  5723 | D:6      | Found an ornate altar of the Wu Jian Council.
  5996 | D:6      | Gained mutation: You are immune to freezing clouds.
                  | [demonic ancestry]
  5996 | D:6      | Reached XP level 9. HP: 28/69 MP: 13/13
  6402 | D:7      | Found an iron altar of Okawaru.
  6640 | D:7      | Reached skill level 5 in Armour
  6653 | D:7      | Found a staircase to the Ecumenical Temple.
  6662 | Temple   | Entered the Ecumenical Temple
  6694 | Temple   | Became a worshipper of Qazlal Stormbringer
  6785 | D:7      | Found a white marble altar of Elyvilon.
  6802 | D:7      | Reached skill level 7 in Evocations
  7634 | D:6      | Learned a level 2 spell: Blink
  7638 | D:6      | Learned a level 3 spell: Mephitic Cloud
  7708 | D:7      | Reached skill level 1 in Invocations
  7856 | D:7      | Reached skill level 1 in Poison Magic
  7906 | D:7      | Reached skill level 1 in Conjurations
  8353 | D:7      | Gained mutation: You are slightly more attuned to the
                  | shadows. [demonic ancestry]
  8353 | D:7      | Reached XP level 10. HP: 79/79 MP: 15/15
  8406 | D:7      | Reached * piety under Qazlal
  8411 | D:7      | Noticed an orc sorcerer
  8441 | D:7      | Noticed a soul eater
  8457 | D:7      | Noticed a smoke demon
  9181 | D:8      | Noticed Grum
  9604 | D:8      | Killed Grum
  9801 | D:8      | Reached skill level 1 in Staves
 10459 | D:9      | Reached skill level 5 in Invocations
 10814 | D:9      | Found a sparkling altar of Nemelex Xobeh.
 10818 | D:9      | Found a burning altar of Makhleb.
 10820 | D:9      | Found a glowing golden altar of the Shining One.
 10838 | D:9      | Found a staircase to the Orcish Mines.
 10910 | D:9      | Noticed a two-headed ogre
 10922 | D:9      | Killed a two-headed ogre
 10922 | D:9      | Reached skill level 8 in Evocations
 11488 | D:9      | Found a shattered altar of Ashenzari.
 11546 | D:9      | Reached ** piety under Qazlal
 12164 | D:10     | Entered Level 10 of the Dungeon
 13358 | D:7      | Killed an orc sorcerer
 13358 | D:7      | Gained mutation: You have sharp toenails. [demonic
                  | ancestry]
 13358 | D:7      | Reached XP level 11. HP: 67/84 MP: 17/17
 13558 | D:7      | Noticed an orc knight
 13566 | D:7      | Killed an orc knight
 14521 | D:11     | Noticed a purple ugly thing
 14522 | D:11     | Paralysed by a hornet for 1 turns
 14531 | D:10     | HP: 1/85 [purple ugly thing (7)]
 14531 | D:10     | Slain by a hornet

Levels and vault maps discovered:
D:1:      wander_arrival_lonely_grave, layout_loops_ring
D:2:      kb_forest_paths, layout_basic, nicolae_dithmenos_shadow_blocks,
          lemuel_doored_altar, uniq_crazy_yiuf_cottage
D:3:      layout_basic, uniq_sigmund
D:4:      layout_basic, grunt_temple_overflow_growth_and_decay, first_ration,
          cheibrodos_sewer_entry_sluice, st_stairs_10, skrybe_limestone_x
D:5:      layout_basic, grunt_temple_overflow_order_and_chaos_1,
          nicolae_gozag_cash_rules_everything_around_me, serial_glass,
          glass_columns_c, glass_columns_a, serial_shops,
          nicolae_shop_statue_plus, shop, shop, serial_bayou_pond_c
D:6:      layout_basic, kennysheep_mini_moat
D:7:      lemuel_castle_with_subvaults [lemuel_castle_interior_carwin_3],
          layout_gridville, elyvilon_altar_3, okawaru_metal_pillars_3,
          minmay_temple_entry_junction_2
D:8:      layout_basic, uniq_grum
D:9:      layout_irregular_city, evilmike_ruin_ashenzari,
          grunt_temple_overflow_open, orc_0_dummy
D:10:     layout_gridville
D:11:     layout_cave_pools, erik_lair_orcish_takeover, serial_column_ruins,
          column_ruins_open_tiny, column_ruins_columns_straight,
          column_ruins_corridor_water, column_ruins_open_small, basic_altar,
          hangedman_pestilent_swarm, xom_redecorated
Temple:   corrupted_temple

Skill      XL: |  1  2  3  4  5  6  7  8  9 10 11 |
---------------+----------------------------------+-----
Short Blades   | 1 2 |  2.1
Dodging        | 2 3 4 5 6 7 |  7.2
Fighting       | 2 3 4 5 7 |  7.8
Armour         | 1 2 3 4 5 6 |  6.6
Evocations     | 4 5 6 7 8 |  8.4
Invocations    | 3 6 7 |  7.2
Poison Magic   | 1 3 |  3.7
Conjurations   | 1 3 |  3.7
Staves         | 2 |  2.7
Stealth        | |  0.8

Action                   |  1- 3 |  4- 6 |  7- 9 | 10-12 || total
-------------------------+-------+-------+-------+-------++-------
Melee: Short sword       |   146 |    37 |       |       ||   183
       Quarterstaff      |       |   125 |   376 |   376 ||   877
Evoke: Wand              |       |     2 |    49 |    32 ||    83
  Use: Scroll            |     3 |     1 |     7 |     5 ||    16
       Potion            |     3 |     1 |    11 |     2 ||    17
 Stab: Sleeping          |     2 |       |     1 |       ||     3
       Distracted        |       |       |     1 |       ||     1
       Petrified         |       |       |       |     7 ||     7
       Paralysed         |       |       |       |     6 ||     6
       Confused          |       |       |       |     2 ||     2
  Eat: Chunk             |     2 |     3 |     9 |     5 ||    19
       Ration            |       |     1 |     2 |     5 ||     8
Armor: Leather armour    |    65 |       |       |       ||    65
       Scale mail        |     3 |    71 |       |       ||    74
       Robe              |       |    30 |   174 |   142 ||   346
Dodge: Dodged            |   123 |   126 |   370 |   308 ||   927
Block: Other             |       |       |       |    35 ||    35
